 Dungeon Crawl Stone Soup version 0.29-a0-1030-gf5f8719cae (webtiles) character file.

Game seed: 12761629633935523988

51 Conn the Firebug (level 3, 16/21 HPs)
             Began as an Octopode Fire Elementalist on Aug 14, 2022.
             Quit the game on level 2 of the Dungeon.
             The game lasted 00:04:07 (1285 turns).

Conn the Firebug (Octopode Fire Elementalist)       Turns: 1285, Time: 00:04:08

Health: 16/21      AC:  1    Str:  7    XL:     3   Next: 83%
Magic:  5/6        EV: 13    Int: 23    God:
Gold:   63         SH:  0    Dex: 12    Spells: 5/6 levels left

rFire   . . .      SeeInvis .   a - +6 rapier of Honour {vorpal, rPois rN+ Int+4}
rCold   . . .      Faith    .   (no shield)
rNeg    + . .      Spirit   +   (helmet restricted)
rPois   +          Reflect  .   b - amulet of guardian spirit
rElec   .          Harm     .   (no ring)
rCorr   .          Rampage  .   (no ring)
Will    .....                   (no ring)
Stlth   +++.......              (no ring)
HPRegen 0.07/turn               (no ring)
MPRegen 0.10/turn               (no ring)
                                (no ring)
                                (no ring)

@: no status effects
A: almost no armour, amphibious, 8 rings, camouflage 1, gelatinous body 1,
(nimble swimmer 1), tentacles
a: no special abilities


You were on level 2 of the Dungeon.
You visited 1 branch of the dungeon, and saw 2 of its levels.

You collected 63 gold pieces.

Inventory:

Hand Weapons
 a - the +6 rapier of Honour (weapon) {vorpal, rPois rN+ Int+4}
   (You acquired it on level 1 of the Dungeon)

   It inflicts extra damage upon your enemies.
   Int:       It affects your intelligence (+4).
   rPois:     It protects you from poison.
   rN:        It protects you from negative energy.
 d - a +0 dagger
Jewellery
 b - an amulet of guardian spirit (around mantle)
Scrolls
 e - 6 scrolls of fog
 f - a scroll of acquirement
Potions
 c - a potion of degeneration {unknown}
 g - a potion of lignification {unknown}


   Skills:
 + Level 0.1 Short Blades
 + Level 2.3 Dodging
 + Level 3.2 Stealth
 + Level 2.3 Spellcasting
 + Level 1.2 Conjurations
 + Level 3.8 Fire Magic


You had 5 spell levels left.
You knew the following spells:

 Your Spells              Type           Power      Damage    Failure   Level
a - Foxfire               Conj/Fire      56%        2x1d6     4%          1

Your spell library contained the following spells:

 Spells                   Type           Power      Damage    Failure   Level
 Scorch                   Fire           40%        2d7       3%          2
 Conjure Flame            Conj/Fire      14%        6-21      13%         3
 Inner Flame              Hex/Fire       11%        N/A       17%         3
 Flame Wave               Conj/Fire      14%        2d6       41%         4


Dungeon Overview and Level Annotations

Branches:
Dungeon (2/15)

Altars:


Innate Abilities, Weirdness & Mutations

You cannot wear most types of armour.
You are amphibious.
You can wear up to eight rings at the same time.
Your skin changes colour to match your surroundings (Stealth+).
Your rubbery body absorbs attacks. (AC +1, EV +1)
((You are camouflaged when in or above water. (Stealth+)))
You have tentacles for arms and can constrict up to eight enemies at once.


Message History

Your foxfire dissipates!
Magic restored.
HP restored.
You see here a +2 pair of boots.
e - 6 scrolls of fog (gained 3)
Found 9 stones.
A ball python comes into view.
The ball python hisses angrily.
You see here 9 stones.
Casting: Foxfire (safe; 4% risk of failure)
Confirm with . or Enter, or press ? or * to list all spells.
You conjure some foxfire!
The ball python closely misses you. x2
Unknown command.
Casting: Foxfire (safe; 4% risk of failure)
Confirm with . or Enter, or press ? or * to list all spells.
You conjure some foxfire!
The foxfire hits the ball python.
You kill the ball python!
Unknown command.
Casting: Foxfire (safe; 4% risk of failure)
Confirm with . or Enter, or press ? or * to list all spells.
You conjure some foxfire!
Unknown command.
Your foxfire dissipates!
Your foxfire dissipates! x3
Your foxfire dissipates!
Found a stone staircase leading up.
g - a bubbling silvery potion You now have 63 gold pieces (gained 15).
An adder comes into view.
The adder hisses angrily.
The adder bites you.
You barely miss the adder. Your grab misses the adder.
The adder barely misses you.
You closely miss the adder. Your grab misses the adder. You squeeze the adder!
The adder is severely wounded.
The adder bites you.
You puncture the adder!
You kill the adder!
You see here an adder corpse.
Are you sure you want to abandon this character and quit the game? (Confirm with "yes".)

########
#......#####
###..........# ####
##............. ...
#..###.###....#
#.###.##....)##..##
#.@...#...#...#..##
#.#...#.<...<.#..##
...##..#..._...#..#
#.##
#..#.#...#.#..# #.
#......<......# #
##..#.....#..##
#..#######..#
##.........##
###.....###


There were no monsters in sight!

Vanquished Creatures
  A gnoll (D:1)
  An adder (D:2)
  6 endoplasms
  2 giant cockroaches (D:1)
  2 hobgoblins (D:1)
  4 kobolds
  3 ball pythons
  A bat (D:1)
  4 frilled lizards (D:1)
  3 goblins (D:1)
  6 rats
33 creatures vanquished.

Vanquished Creatures (others)
  68 foxfires
68 creatures vanquished.

Grand Total: 101 creatures vanquished

Notes
Turn   | Place    | Note
-------+----------+-------------------------------------------
     0 | D:1      | Conn the Octopode Fire Elementalist began the quest for the
                  | Orb.
     0 | D:1      | Reached XP level 1. HP: 11/11 MP: 3/3
    40 | D:1      | Reached XP level 2. HP: 8/17 MP: 0/5
   350 | D:1      | Identified a scroll of acquirement
   350 | D:1      | Acquired the +6 rapier of Honour {vorpal, rPois rN+ Int+4}
   494 | D:1      | Reached XP level 3. HP: 21/21 MP: 6/6
  1045 | D:2      | Found a faded altar of an unknown god.
  1285 | D:2      | Quit the game

Illustrated notes

Levels and vault maps discovered:
D:1:      amcnicky_arrival_flooded_fountain, layout_loops_ring
D:2:      layout_loops_corners, nicolae_ecumenical_pavilion

Skill      XL: |  1  2 |
---------------+-------+-----
Stealth        | 3 |  3.2
Short Blades   | |  0.1
Dodging        | |  2.3
Spellcasting   | |  2.3
Conjurations   | |  1.2
Fire Magic     | |  3.8

Action                   || total
-------------------------++-------
Melee: Unarmed           ||     3
       Tentacles         ||     3
       Constrict         ||     1
       Rapier            ||    17
 Cast: Foxfire           ||    38
  Use: Scroll            ||     2
 Stab: Sleeping          ||     2
Armor: Skin              ||     2
Dodge: Dodged            ||    16

Table legend: (Time is in decaauts)
 A = Elapsed time spent in this place.
 B = Non-inter-level travel time spent in this place.
 C = Inter-level travel time spent in this place.
 D = Time resting spent in this place.
 E = Time spent auto-exploring this place.
 F = Levels seen in this place.
 G = Mean time per level.
                   A        B        C        D        E       F      G
               +--------+--------+--------+--------+--------+-----+--------+
         Total |   1287 |   1268 |     19 |      0 |    971 |   2 |  643.5 |
       Dungeon |   1287 |   1268 |     19 |      0 |    971 |   2 |  643.5 |
               +--------+--------+--------+--------+--------+-----+--------+

Top non-repeatable levels by time:
     D:1: 1045 daAuts
     D:2: 241 daAuts
